 Dungeon Crawl Stone Soup version 0.25-a0-696-g42a9e46d90 (webtiles) character file.

Game seed: 2471107421209633645, levelgen mode: deterministic

15505 Norrive the Archer (level 12, 0/100 HPs)
             Began as a Human Wanderer on Mar 31, 2020.
             Was a High Priest of Okawaru.
             Slain by a cyan ugly thing (14 damage)
             ... on level 11 of the Dungeon.
             The game lasted 00:47:43 (21663 turns).

Norrive the Archer (Human Wanderer)                Turns: 21663, Time: 00:47:43

Health: 0/100      AC: 16    Str: 18    XL:     12   Next: 58%
Magic:  17/17      EV: 12    Int: 15    God:    Okawaru [*****.]
Gold:   613        SH:  0    Dex: 13    Spells: 11/11 levels left

rFire    . . .     SeeInvis .   w - +7 Singing Sword {vorpal, sonic wave}
rCold    . . .     Gourm    +   (no shield)
rNeg     . . .     Faith    .   C - +0 scale mail
rPois    .         Spirit   .   y - +1 hat
rElec    .         Reflect  .   M - +1 cloak
rCorr    .         Harm     .   S - +1 pair of gloves {Str+3}
MR       +....                  m - +2 pair of boots
Stlth    ++........             R - amulet of the gourmand
HPRegen  0.26/turn              s - ring of protection from magic
MPRegen  0.15/turn              (no ring)

@: heroism
A: no striking features
a: Heroism, Finesse, Renounce Religion


You were on level 11 of the Dungeon.
You worshipped Okawaru.
Okawaru was extremely pleased with you.
You were completely stuffed.

You visited 2 branches of the dungeon, and saw 12 of its levels.
You also visited: Bailey.

You collected 781 gold pieces.
You spent 168 gold pieces at shops.

Inventory:

Hand Weapons
 a - a +3 shortbow
 b - the +1 short sword of Vutuig {venom, +Rage rF- rC+ Dex+4}
   (You bought it in a shop on level 5 of the Dungeon)

   It poisons the flesh of those it strikes.
   It affects your dexterity (+4).
   It makes you vulnerable to fire.
   It protects you from cold.
   It lets you go berserk.
 w - the +7 Singing Sword (weapon) {vorpal, sonic wave}
   (You found it on level 8 of the Dungeon)

   It inflicts extra damage upon your enemies.
 F - a +1 short sword of draining
 G - a +0 dagger
 U - a +1 scimitar of flaming
Missiles
 d - 124 poisoned darts (quivered)
 e - 222 arrows
 k - 384 stones
Armour
 f - a +0 robe
 m - a +2 pair of boots (worn)
 r - a +0 ring mail
 y - a +1 hat (worn)
 C - a +0 scale mail (worn)
 H - a +0 chain mail of fire resistance
 M - a +1 cloak (worn)
 S - a +1 pair of gloves of strength (worn)
Jewellery
 s - a ring of protection from magic (left hand)
 E - a +5 ring of intelligence
 N - a +4 ring of dexterity {unknown}
 O - an uncursed ring of magical power
 P - an uncursed ring of protection from fire {unknown}
 R - an amulet of the gourmand (around neck)
Wands
 J - a wand of acid (11)
 K - a wand of flame (6)
 V - a wand of digging (4)
Scrolls
 c - 2 scrolls of teleportation
 j - a scroll of fear
 n - 3 scrolls of immolation
 o - a scroll of blinking
 t - 3 scrolls of enchant weapon
 D - a scroll of vulnerability
 I - 2 scrolls of acquirement {unknown}
 Q - a scroll of amnesia {unknown}
 T - a scroll of noise {unknown}
Potions
 h - 2 potions of haste
 l - 4 potions of brilliance
 p - 3 potions of mutation
 q - 5 potions of curing
 u - a potion of lignification
 v - a potion of ambrosia
 x - 2 potions of might
 z - 2 potions of invisibility
 A - a potion of resistance
 B - 2 potions of stabbing
 L - a potion of magic
Miscellaneous
 i - a lightning rod (4/4)
Comestibles
 g - 12 rations
 W - a chunk of flesh


   Skills:
 - Level 11.0(16.0) Fighting
 + Level 4.0(9.0) Long Blades
   Level 1.0(6.0) Polearms
 + Level 13.5(18.5) Bows
 - Level 1.0(6.0) Throwing
 - Level 1.0(6.0) Dodging
 - Level 1.0(6.0) Stealth
   Level 1.0(6.0) Shields
 - Level 7.0 Invocations
 - Level 5.0 Evocations


You had 11 spell levels left.
You didn't know any spells.
Your spell library contained the following spells:

 Spells                   Type           Power        Failure   Level  Hunger
 Animate Skeleton         Necr           N/A          63%         1    ##.....
 Pain                     Necr           #...         63%         1    ##.....
 Vampiric Draining        Necr           #.........   94%         3    ####...
 Animate Dead             Necr           N/A          100%        4    #####..
 Agony                    Necr           #.......     100%        5    ######.


Dungeon Overview and Level Annotations

Branches:
Dungeon (11/15)            Temple (1/1) D:4            Lair (0/6) D:8
    Orc (0/2) D:10         Bailey (visited)

Altars:
Ashenzari
Cheibriados
Dithmenos
Elyvilon
Fedhas
Gozag
Hepliaklqana
Kikubaaqudgha
Makhleb
Nemelex Xobeh
Okawaru
Qazlal
Ru
Sif Muna
Trog
Uskayaw
Vehumet
Wu Jian
Xom
Yredelemnul
Zin
The Shining One

Shops:
D:5 (

Annotations:
D:7 1 runed translucent door, Crazy Yiuf


Message History

* * * LOW HITPOINT WARNING * * *
The cyan ugly thing shocks you!
* * * LOW HITPOINT WARNING * * *
Unknown command.
Okay, then.
Press: ? - help, v - describe, . - travel
Here: a cyan ugly thing The floor.
The cyan ugly thing barely misses you.
You riposte.
You slash the cyan ugly thing!
The cyan ugly thing is moderately wounded.
Things that are here:
a bullfrog skeleton; a howler monkey skeleton
Items here: ) [ †† a +0 short sword; a +0 chain mail; an orc corpse; a howler monkey corpse You see here a worker ant corpse.
The cyan ugly thing pecks you.
* * * LOW HITPOINT WARNING * * *
The cyan ugly thing shocks you!
You die...

##.##......####
.....)..........
.##.##.(.......= #
#))÷).##### #.#)###
#.#.#
#.#.###########
#.#u..........#
#@#########.# #.#
#.# ..# #.# ....
##.# $.... #..#
###...# #.##
#..########.######.
#..#...............
.######.#######


You could see a cyan ugly thing.

Vanquished Creatures
  Erolcha (D:10)
  Erica (D:10)
  3 skeletal warriors
  3 hippogriffs
  Sigmund (D:5)
  A spriggan (D:7)
  15 yaks (D:9)
  Eustachio (D:5)
  2 wargs
  Duvessa (D:5)
  3 sky beasts
  5 ice beasts
  23 orc warriors
  3 phantoms
  A black bear (D:7)
  A necrophage (D:9)
  7 centaurs
  3 ogres (D:5)
  5 big kobolds
  Blork the orc (D:5)
  A gnoll sergeant (D:6)
  7 bullfrogs
  5 scorpions
  Dowan (D:5)
  10 killer bees
  4 wights (D:9)
  2 bullfrog zombies
  8 crimson imps
  10 howler monkeys
  A quasit (D:6)
  7 hounds
  3 centaur skeletons
  5 orc priests
  A jelly (D:9)
  2 gnoll shamans
  Ijyb (D:3)
  15 orc wizards
  12 worker ants
  An iguana (D:6)
  2 killer bee zombies
  A hound skeleton (D:4)
  A worker ant zombie (D:5)
  20 gnolls
  A howler monkey skeleton (D:4)
  14 adders
  4 shadow imps
  3 oozes
  An adder skeleton (D:4)
  2 adder zombies
  2 worms (D:4)
  4 dart slugs
  7 leopard geckos
  61 orcs
  2 ball pythons
  4 giant cockroaches
  29 goblins
  31 hobgoblins
  22 jackals
  20 kobolds
  7 quokkas
  23 bats
  4 frilled lizards
  A leopard gecko zombie (D:8)
  A quokka skeleton (D:7)
  8 rats
452 creatures vanquished.

Vanquished Creatures (others)
  3 fungi (D:8)
  A plant (D:6)
4 creatures vanquished.

Grand Total: 456 creatures vanquished

Notes
Turn   | Place    | Note
-------+----------+-------------------------------------------
     0 | D:1      | Norrive the Human Wanderer began the quest for the Orb.
     0 | D:1      | Norrive set off with the following items: a +2 shortbow, 22
                  | arrows, a scroll of teleportation, 11 poisoned darts, a +0
                  | dagger, a +0 robe, a ration
     0 | D:1      | Reached XP level 1. HP: 18/18 MP: 1/1
    60 | D:1      | Reached XP level 2. HP: 24/24 MP: 2/2
   237 | D:1      | Reached XP level 3. HP: 29/29 MP: 3/3
   763 | D:1      | Reached skill level 3 in Bows
   956 | D:2      | Reached XP level 4. HP: 31/37 MP: 4/4
  1913 | D:2      | Found a faded altar of an unknown god,
  2171 | D:2      | Reached XP level 5. HP: 30/42 MP: 5/5
  2360 | D:2      | HP: 2/43 [poisoned by an adder]
  2367 | D:2      | HP: 1/43 [poisoned by an adder]
  2375 | D:2      | HP: 1/43 [poisoned by an adder]
  3655 | D:3      | Reached skill level 4 in Bows
  4500 | D:3      | Reached XP level 6. HP: 33/50 MP: 6/6
  5292 | D:3      | Noticed Ijyb
  5295 | D:3      | Reached skill level 5 in Fighting
  5318 | D:3      | Killed Ijyb
  5938 | D:4      | Reached skill level 1 in Evocations
  6030 | D:4      | Reached XP level 7. HP: 56/56 MP: 6/8
  6149 | D:4      | You fall into a shaft and drop 1 floor!
  6149 | D:5      | Entered Level 5 of the Dungeon
  6171 | D:5      | Reached skill level 5 in Bows
  6288 | D:4      | Found a shadowy altar of Dithmenos,
  6853 | D:4      | Found a staircase to the Ecumenical Temple,
  6864 | Temple   | Entered the Ecumenical Temple
  6951 | Temple   | Became a worshipper of Warmaster Okawaru
  7310 | D:5      | Reached XP level 8. HP: 14/64 MP: 10/10
  7596 | D:5      | Noticed Dowan
  7597 | D:5      | Noticed Duvessa
  7597 | D:5      | Noticed Sigmund
  7658 | D:5      | Killed Dowan
  7699 | D:5      | Killed Sigmund
  7704 | D:5      | Killed Duvessa
  7704 | D:5      | Reached * piety under Okawaru
  7940 | D:5      | Noticed Eustachio
  7964 | D:5      | Killed Eustachio
  7964 | D:5      | Reached skill level 6 in Bows
  8092 | D:5      | Noticed Blork the orc
  8096 | D:5      | Killed Blork the orc
  8125 | D:5      | Found Hufuteol's Antique Weapon Boutique,
  8129 | D:5      | Bought a transparent short sword for 168 gold pieces
  8227 | D:5      | Found an ancient bone altar of Kikubaaqudgha,
  8227 | D:5      | Found a glowing silver altar of Zin,
  8228 | D:5      | Found a hide-covered altar of Uskayaw,
  8232 | D:5      | Found a basalt altar of Yredelemnul,
  8324 | D:5      | Reached XP level 9. HP: 72/72 MP: 12/12
  8394 | D:5      | Reached skill level 5 in Evocations
  8820 | D:5      | Reached ** piety under Okawaru
  8953 | D:6      | Reached skill level 7 in Bows
  9039 | D:5      | Identified the cursed +1 short sword of Vutuig {venom,
                  | +Rage rF- rC+ Dex+4} (You bought it in a shop on level 5 of
                  | the Dungeon)
 10034 | D:5      | Reached *** piety under Okawaru
 10034 | D:5      | Reached skill level 8 in Bows
 11456 | D:5      | Reached XP level 10. HP: 70/83 MP: 13/13
 11664 | D:6      | Reached skill level 9 in Bows
 12212 | D:7      | Found a flagged portal,
 12232 | Bailey   | Entered a bailey
 12867 | Bailey   | Reached skill level 10 in Fighting
 13110 | Bailey   | Identified the cursed +0 leather armour "Mijimue" {Str+2
                  | Int+4 Dex-2 Stlth+}
 13476 | Bailey   | Reached **** piety under Okawaru
 14170 | Bailey   | Noticed an orc warlord
 14396 | Bailey   | Reached skill level 10 in Bows
 14770 | Bailey   | Received a gift from Okawaru
 15211 | D:7      | Found a glowing golden altar of the Shining One,
 15534 | D:7      | Reached XP level 11. HP: 69/92 MP: 14/14
 15668 | D:7      | Found a runed translucent door,
 15669 | D:7      | Noticed Crazy Yiuf
 15715 | D:7      | Reached ***** piety under Okawaru
 15715 | D:7      | Reached skill level 1 in Invocations
 16696 | D:8      | Found a staircase to the Lair,
 17077 | D:8      | Reached skill level 11 in Bows
 17265 | D:8      | Found the +7 Singing Sword {vorpal, sonic wave}
 17783 | D:8      | Received a gift from Okawaru
 17783 | D:8      | Reached skill level 1 in Long Blades
 18336 | D:9      | Reached skill level 5 in Invocations
 18876 | D:10     | Entered Level 10 of the Dungeon
 19005 | D:10     | Reached XP level 12. HP: 95/100 MP: 16/16
 19054 | D:10     | Found a staircase to the Orcish Mines,
 19100 | D:10     | Reached skill level 12 in Bows
 19170 | D:10     | Noticed a skeletal warrior
 19173 | D:10     | Noticed a skeletal warrior
 19175 | D:10     | Noticed Erolcha
 19177 | D:10     | Noticed a skeletal warrior
 20132 | D:9      | Killed a skeletal warrior
 20360 | D:9      | Killed a skeletal warrior
 20661 | D:10     | Killed a skeletal warrior
 21062 | D:10     | Killed Erolcha
 21062 | D:10     | Reached skill level 13 in Bows
 21316 | D:10     | Noticed Erica
 21322 | D:10     | Killed Erica
 21663 | D:11     | Slain by a cyan ugly thing

Levels and vault maps discovered:
D:1:      moated_graveyard_arrival, layout_basic, corner_web_ring,
          kennysheep_crisscross
D:2:      layout_rooms, first_ration, chequers_ecumenical_altar_simple_redux,
          minmay_puff
D:3:      minmay_chambers_of_twos, layout_rooms, uniq_ijyb
D:4:      layout_cave_pods, grunt_dithmenos_smoke_and_mirrors,
          minmay_temple_entry_statues
D:5:      layout_loops_ring, minitemple, serial_shops, shop, uniq_duvessa,
          uniq_sigmund, uniq_eustachio, uniq_blork_the_orc
D:6:      kennysheep_housing_project, layout_layer_cave
D:7:      layout_rooms, tso_metal_star, enter_bailey_3, the_bakery,
          uniq_crazy_yiuf_cottage
D:8:      old_forge, layout_loops_cross, erik_lair_orcish_takeover
D:9:      layout_irregular_city, hangedman_decor_push, minivault_22
D:10:     layout_loops_ring, orc_0_dummy, uniq_erica, uniq_erolcha
D:11:     layout_loops_ring, basic_altar, elyvilon_altar_5, uniq_maurice
Temple:   regret_index_temple_sphere_string

Skill      XL: |  1  2  3  4  5  6  7  8  9 10 11 12 |
---------------+-------------------------------------+-----
Bows           | 3 4 5 6 8 10 11 13 | 13.5
Fighting       | 4 5 6 7 9 10 11 | 11.0
Evocations     | 1 3 4 5 |  5.0
Invocations    | 6 7 |  7.0
Long Blades    | 4 |  4.0
Polearms       | |  1.0
Throwing       | |  1.0
Dodging        | |  1.0
Stealth        | |  1.0
Shields        | |  1.0

Action                   |  1- 3 |  4- 6 |  7- 9 | 10-12 || total
-------------------------+-------+-------+-------+-------++-------
Melee: Dagger            |    36 |   330 |    85 |       ||   451
       Short sword       |       |       |   187 |   496 ||   683
       Double sword      |       |       |       |   221 ||   221
 Fire: Shortbow          |    51 |    42 |   201 |   137 ||   431
Throw: Dart              |       |    88 |    16 |     5 ||   109
Invok: Heroism           |       |       |       |     2 ||     2
Evoke: Wand              |       |       |     8 |     6 ||    14
  Use: Scroll            |       |     8 |     2 |    11 ||    21
       Potion            |       |     1 |       |     1 ||     2
  Eat: Ration            |       |     2 |     1 |     1 ||     4
       Chunk             |       |     9 |    14 |    38 ||    61
Armor: Robe              |     8 |    15 |       |       ||    23
       Ring mail         |       |   159 |    64 |       ||   223
       Scale mail        |       |       |   227 |   478 ||   705
Dodge: Dodged            |    28 |   288 |   284 |   370 ||   970
       Rpst.: Double sword |       |       |       |    29 ||    29

Table legend:
 A = Non-vault XP
 B = Vault XP
 C = Vault XP percentage of total XP
 D = Non-vault monster count
 E = Vault monster count
 F = Vault count percentage of total count
                 A         B        C        D         E       F
            +---------+---------+-------+---------+---------+-------
      Total |   15041 |    7109 |  32.1 |     303 |     149 |  33.0
            +---------+---------+-------+---------+---------+-------
        D:1 |      53 |       0 |   0.0 |      27 |       0 |   0.0
        D:2 |     134 |      20 |  13.0 |      27 |       5 |  15.6
        D:3 |      99 |      53 |  34.9 |      30 |       9 |  23.1
        D:4 |     400 |       0 |   0.0 |      23 |       0 |   0.0
        D:5 |    1109 |     869 |  43.9 |      27 |      10 |  27.0
        D:6 |    1040 |     839 |  44.7 |      20 |      25 |  55.6
        D:7 |    1314 |     534 |  28.9 |      20 |       7 |  25.9
        D:8 |    1136 |     593 |  34.3 |      31 |      25 |  44.6
        D:9 |    6191 |       0 |   0.0 |      48 |       0 |   0.0
       D:10 |    2915 |    1982 |  40.5 |      37 |       2 |   5.1
       D:11 |     650 |       0 |   0.0 |      13 |       0 |   0.0
     Bailey |       0 |    2219 | 100.0 |       0 |      66 | 100.0
            +---------+---------+-------+---------+---------+-------
